 Dungeon Crawl Stone Soup version 0.21.1-1-g345015f (webtiles) character file.

1259 tidbits the Charmwright (level 8, 38/64 HPs)
             Began as a Gnoll Skald on June 22, 2018.
             Quit the game on level 7 of the Dungeon.
             The game lasted 00:11:58 (1079 turns).

tidbits the Charmwright (Gnoll Skald)               Turns: 1079, Time: 00:11:59

Health: 38/64      AC:  6    Str: 14    XL:     8   Next: 51%
Magic:  13/17      EV: 15    Int: 18    God:
Gold:   22         SH:  0    Dex: 14    Spells: 8/19 levels left

rFire    . . .     SeeInvis .   p - -3 war axe
rCold    . . .     Gourm    .   (no shield)
rNeg     . . .     Faith    .   e - +0 leather armour
rPois    .         Spirit   .   (no helmet)
rElec    .         Reflect  .   C - +1 cloak
rCorr    .         Harm     .   (no gloves)
MR       .....                  h - +0 pair of boots
Stlth    ++........             (no amulet)
HPRegen  0.20/turn              (no ring)
MPRegen  0.15/turn              (no ring)

@: no status effects
A: distributed training, fangs 1, strong nose
a: no special abilities


You were on level 7 of the Dungeon.
You were not hungry.

You visited 1 branch of the dungeon, and saw 7 of its levels.

You collected 136 gold pieces.
You spent 114 gold pieces at shops.

Inventory:

Hand Weapons
 a - a +1 hand axe
 b - a +0 dagger
 f - a +3 dagger of venom
   (You took it off an orc wizard on level 7 of the Dungeon)
 p - a -3 war axe (weapon)
Missiles
 l - 54 arrows
Armour
 e - a +0 leather armour (worn)
 h - a +0 pair of boots (worn)
 n - a +0 ring mail
 C - a +1 cloak (worn)
Wands
 s - a wand of paralysis (4)
Scrolls
 g - a scroll of amnesia
 k - 2 scrolls of teleportation
 q - a scroll of enchant weapon
Potions
 i - a potion of berserk rage {unknown}
 m - a potion of degeneration {unknown}
 o - a potion of invisibility {unknown}
 t - a potion of curing
Books
 d - a book of Battle

   Spells                             Type                      Level
   a - Infusion                       Charms                       1
   b - Shroud of Golubria             Charms/Translocation         2
   c - Song of Slaying                Charms                       2
   d - Spectral Weapon                Hexes/Charms                 3
   e - Regeneration                   Charms/Necromancy            3
 j - a book of Changes
   (You found it on level 4 of the Dungeon)

   Spells                             Type                      Level
   a - Beastly Appendage              Transmutation                1
   b - Sticks to Snakes               Transmutation                2
   c - Spider Form                    Transmutation/Poison         3
   d - Ice Form                       Ice/Transmutation            4
   e - Blade Hands                    Transmutation                5
 r - a book of Misfortune
   (You found it on level 7 of the Dungeon)

   Spells                             Type                      Level
   a - Confusing Touch                Hexes                        1
   b - Confuse                        Hexes                        3
   c - Gell's Gravitas                Translocation                3
   d - Petrify                        Transmutation/Earth          4
   e - Metabolic Englaciation         Hexes/Ice                    5
   f - Yara's Violent Unravelling     Hexes/Transmutation          5
Comestibles
 c - 6 rations


   Skills:
 + Level 5.7 Fighting
 + Level 3.2 Short Blades
 + Level 3.2 Long Blades
 + Level 5.7 Axes
 + Level 3.2 Maces & Flails
 + Level 3.2 Polearms
 + Level 3.2 Staves
 + Level 3.2 Slings
 + Level 3.2 Bows
 + Level 3.2 Crossbows
 + Level 3.2 Throwing
 + Level 4.2 Armour
 + Level 5.7 Dodging
 + Level 3.2 Stealth
 + Level 3.2 Shields
 + Level 3.2 Unarmed Combat
 + Level 6.0 Spellcasting
 + Level 2.6 Conjurations
 + Level 2.6 Hexes
 + Level 6.1 Charms
 + Level 2.6 Summonings
 + Level 2.6 Necromancy
 + Level 2.6 Translocations
 + Level 2.6 Transmutations
 + Level 2.6 Fire Magic
 + Level 2.6 Ice Magic
 + Level 2.6 Air Magic
 + Level 2.6 Earth Magic
 + Level 2.6 Poison Magic
 + Level 3.6 Invocations
 + Level 3.2 Evocations


You had 8 spell levels left.
You knew the following spells:

 Your Spells              Type           Power        Failure   Level  Hunger
g - Shroud of Golubria    Chrm/Tloc      ###.......   3%          2    None
i - Infusion              Chrm           ####         1%          1    None
r - Regeneration          Chrm/Necr      ###.......   7%          3    ##.....
w - Spectral Weapon       Hex/Chrm       ###.....     7%          3    ##.....
y - Song of Slaying       Chrm           ####....     1%          2    None


Dungeon Overview and Level Annotations

Branches:
Dungeon (7/15)
 Temple: D:4-7

Altars:
Fedhas
Kikubaaqudgha
Sif Muna
Wu Jian
Zin
The Shining One

Shops:
D:4 %   D:5 *[   D:7 !


Innate Abilities, Weirdness & Mutations

Your experience applies equally to all skills.
You have very sharp teeth.
Your uncanny sense of smell can sniff out nearby items.


Message History

You hit the hippogriff but do no damage.
The hippogriff is moderately wounded.
Your spectral weapon completely misses the hippogriff.
The hippogriff barely misses you.
Your shroud bends the hippogriff's attack away.
The hippogriff closely misses you.
You barely miss the hippogriff.
The hippogriff is moderately wounded.
Your spectral weapon hits the hippogriff!
The hippogriff bites you.
* * * LOW HITPOINT WARNING * * *
Your shroud falls apart!
The hippogriff misses you. The hippogriff barely misses you.
You hit the hippogriff but do no damage.
The hippogriff is severely wounded.
Your spectral weapon hits the hippogriff!
The hippogriff barely misses you. The hippogriff closely misses you.
The hippogriff claws you.
* * * LOW HITPOINT WARNING * * *
You hit the hippogriff but do no damage.
You bite the hippogriff, but do no damage.
The hippogriff is almost dead.
Your spectral weapon hits the hippogriff!
You kill the hippogriff!
Your Spellcasting skill increases to level 6!
You are feeling very hungry.
You see here a ration.
You eat the ration.
That ration really hit the spot!
Your spectral weapon fades away.
You hear a shout!
An orc comes into view.
Your song is almost over.
The orc shouts!
You hear a shout! x2
You hear a shout! x2
Found 11 gold pieces. 2 orcs come into view.
An orc comes into view. It is wielding a whip.
The orc shouts!
Found Voicodd's Distillery.
Casting: Song of Slaying
Confirm with . or Enter, or press ? or * to list all spells.
You start a new song!
A quokka comes into view.
Casting: Song of Slaying
Confirm with . or Enter, or press ? or * to list all spells.
You draw out your weapon's spirit!
You hear a shout!
The orc closely misses you. The orc misses your spectral weapon.
You hit the orc but do no damage.
Your spectral weapon hits the orc.
Your spectral weapon hits the orc!
You kill the orc!
The orc misses you. The orc barely misses you.
An orc comes into view.
The orc closely misses you. The orc misses you.
You closely miss the orc. You hit the orc. x2
You kill the orc!
Your spectral weapon hits the orc but does no damage.
The orc barely misses you. x3
You barely miss the orc. You slash the orc!
You kill the orc!
Your spectral weapon closely misses the orc.
The orc completely misses you. The quokka bites you.
* * * LOW HITPOINT WARNING * * *
You hit the orc but do no damage. You closely miss the quokka.
Your spectral weapon hits the orc!
You kill the orc!
The quokka closely misses you.
You completely miss the quokka.
Your spectral weapon closely misses the quokka.
Your spectral weapon hits the orc.
The quokka bites you.
* * * LOW HITPOINT WARNING * * *
The orc hits your spectral weapon but does no damage.
The quokka closely misses you.
You closely miss the quokka.
Your spectral weapon barely misses the quokka.
Your spectral weapon hits the orc.
You kill the orc!
The quokka bites you but does no damage.
You slash the quokka!
You kill the quokka!
You swap places.
Things that are here:
a trident; an orc corpse
Things that are here:
a whip; an orc corpse
Found 8 gold pieces.
There is an entrance to Voicodd's Distillery here.
t - a potion of curing Thank you for shopping at Voicodd's Distillery!
You feel your bond with your spectral weapon wane.
Your song is almost over.
Unknown command.
Your song has ended.
Found 14 gold pieces.
Found 27 stones.
Found a ration and a whip.
You see here a ration.
c - 6 rations (gained 1)
You see here a whip.
Are you sure you want to abandon this character and quit the game? (Confirm with "yes".)

.# # ###.### .
######..... ..
#####........## ...
..##.........# ...###
#.##.........# ...#
#.##...).....#
+###.###.##........##
................@..+
.###.#+#.##........#
.........##..........+
#........##........###
............########
.# ............# ...+
............# #...###
.........$...
#.....#+##
............
###...#......


There were no monsters in sight!

Vanquished Creatures
  A hippogriff (D:7)
  Menkaure (D:4)
  An orc warrior (D:7)
  2 phantoms (D:6)
  An ogre (D:4)
  A centaur (D:6)
  A scorpion (D:5)
  2 bullfrog zombies (D:5)
  A quasit (D:7)
  2 centaur zombies
  A hound (D:7)
  A bullfrog skeleton (D:5)
  A centaur skeleton (D:5)
  2 iguanas
  3 orc wizards
  A worker ant (D:4)
  A howler monkey zombie (D:5)
  An adder skeleton (D:4)
  2 dart slugs (D:1)
  A leopard gecko (D:4)
  13 orcs
  3 giant cockroaches (D:1)
  4 goblins
  2 hobgoblins
  7 jackals
  2 kobolds (D:1)
  2 quokkas
  A ball python (D:3)
  3 bats
  A frilled lizard (D:5)
  2 quokka zombies (D:5)
  2 rats
69 creatures vanquished.

Vanquished Creatures (others)
  2 spectral weapons
2 creatures vanquished.

Grand Total: 71 creatures vanquished

Notes
Turn   | Place    | Note
-------+----------+-------------------------------------------
     0 | D:1      | tidbits the Gnoll Skald began the quest for the Orb.
     0 | D:1      | Reached XP level 1. HP: 20/20 MP: 6/6
    57 | D:1      | Reached XP level 2. HP: 25/26 MP: 0/7
    65 | D:1      | Learned a level 2 spell: Song of Slaying
    68 | D:1      | Learned a level 2 spell: Shroud of Golubria
   125 | D:2      | Found a deep blue altar of Sif Muna.
   125 | D:2      | Found an ancient bone altar of Kikubaaqudgha.
   125 | D:2      | Found a blossoming altar of Fedhas.
   125 | D:2      | Found a glowing golden altar of the Shining One.
   125 | D:2      | Found an ornate altar of the Wu Jian Council.
   170 | D:3      | Found a glowing silver altar of Zin.
   212 | D:4      | Reached skill level 5 in Spellcasting
   212 | D:4      | Reached skill level 1 in Invocations
   212 | D:4      | Reached XP level 3. HP: 29/31 MP: 0/9
   217 | D:4      | Learned a level 3 spell: Regeneration
   221 | D:4      | Learned a level 3 spell: Spectral Weapon
   279 | D:4      | Noticed Menkaure
   285 | D:4      | Killed Menkaure
   285 | D:4      | Reached skill level 1 in Short Blades
   285 | D:4      | Reached skill level 1 in Long Blades
   285 | D:4      | Reached skill level 1 in Maces & Flails
   285 | D:4      | Reached skill level 1 in Polearms
   285 | D:4      | Reached skill level 1 in Staves
   285 | D:4      | Reached skill level 1 in Slings
   285 | D:4      | Reached skill level 1 in Bows
   285 | D:4      | Reached skill level 1 in Crossbows
   285 | D:4      | Reached skill level 1 in Throwing
   285 | D:4      | Reached skill level 3 in Armour
   285 | D:4      | Reached skill level 1 in Stealth
   285 | D:4      | Reached skill level 1 in Shields
   285 | D:4      | Reached skill level 1 in Unarmed Combat
   285 | D:4      | Reached skill level 1 in Conjurations
   285 | D:4      | Reached skill level 1 in Hexes
   285 | D:4      | Reached skill level 1 in Summonings
   285 | D:4      | Reached skill level 1 in Necromancy
   285 | D:4      | Reached skill level 1 in Translocations
   285 | D:4      | Reached skill level 1 in Transmutations
   285 | D:4      | Reached skill level 1 in Fire Magic
   285 | D:4      | Reached skill level 1 in Ice Magic
   285 | D:4      | Reached skill level 1 in Air Magic
   285 | D:4      | Reached skill level 1 in Earth Magic
   285 | D:4      | Reached skill level 1 in Poison Magic
   285 | D:4      | Reached skill level 1 in Evocations
   285 | D:4      | Reached XP level 4. HP: 30/38 MP: 2/11
   285 | D:4      | Reached XP level 5. HP: 34/43 MP: 2/12
   337 | D:4      | Found Dibubu's Food Shop.
   371 | D:4      | Noticed an ogre
   381 | D:4      | Killed an ogre
   381 | D:4      | Reached skill level 2 in Invocations
   381 | D:4      | Reached XP level 6. HP: 46/50 MP: 7/14
   464 | D:5      | Entered Level 5 of the Dungeon
   471 | D:5      | Found Gebuh's Assorted Antiques.
   478 | D:5      | Bought a scroll labeled LASCHY RIKIO for 23 gold pieces
   478 | D:5      | Bought 2 scrolls labeled ANLIRU SOZIMAQ for 46 gold pieces
   506 | D:4      | Reached skill level 5 in Fighting
   506 | D:4      | Reached skill level 5 in Axes
   506 | D:4      | Reached skill level 5 in Dodging
   524 | D:5      | Reached skill level 2 in Short Blades
   524 | D:5      | Reached skill level 2 in Long Blades
   524 | D:5      | Reached skill level 2 in Maces & Flails
   524 | D:5      | Reached skill level 2 in Polearms
   524 | D:5      | Reached skill level 2 in Staves
   524 | D:5      | Reached skill level 2 in Slings
   524 | D:5      | Reached skill level 2 in Bows
   524 | D:5      | Reached skill level 2 in Crossbows
   524 | D:5      | Reached skill level 2 in Throwing
   524 | D:5      | Reached skill level 2 in Stealth
   524 | D:5      | Reached skill level 2 in Shields
   524 | D:5      | Reached skill level 2 in Unarmed Combat
   524 | D:5      | Reached skill level 2 in Evocations
   528 | D:5      | Found Uriol's Antique Armour Shop.
   561 | D:5      | Reached XP level 7. HP: 35/56 MP: 0/15
   709 | D:6      | Reached skill level 2 in Conjurations
   709 | D:6      | Reached skill level 2 in Hexes
   709 | D:6      | Reached skill level 2 in Summonings
   709 | D:6      | Reached skill level 2 in Necromancy
   709 | D:6      | Reached skill level 2 in Translocations
   709 | D:6      | Reached skill level 2 in Transmutations
   709 | D:6      | Reached skill level 2 in Fire Magic
   709 | D:6      | Reached skill level 2 in Ice Magic
   709 | D:6      | Reached skill level 2 in Air Magic
   709 | D:6      | Reached skill level 2 in Earth Magic
   709 | D:6      | Reached skill level 2 in Poison Magic
   735 | D:6      | Reached skill level 3 in Invocations
   752 | D:6      | Reached XP level 8. HP: 36/63 MP: 4/16
   843 | D:7      | Reached skill level 6 in Charms
   924 | D:7      | Reached skill level 4 in Armour
   929 | D:7      | Reached skill level 3 in Short Blades
   929 | D:7      | Reached skill level 3 in Long Blades
   929 | D:7      | Reached skill level 3 in Maces & Flails
   929 | D:7      | Reached skill level 3 in Polearms
   929 | D:7      | Reached skill level 3 in Staves
   929 | D:7      | Reached skill level 3 in Slings
   929 | D:7      | Reached skill level 3 in Bows
   929 | D:7      | Reached skill level 3 in Crossbows
   929 | D:7      | Reached skill level 3 in Throwing
   929 | D:7      | Reached skill level 3 in Stealth
   929 | D:7      | Reached skill level 3 in Shields
   929 | D:7      | Reached skill level 3 in Unarmed Combat
   929 | D:7      | Reached skill level 3 in Evocations
  1000 | D:7      | Noticed a hippogriff
  1009 | D:7      | Killed a hippogriff
  1009 | D:7      | Reached skill level 6 in Spellcasting
  1029 | D:7      | Found Voicodd's Distillery.
  1048 | D:7      | Bought a potion of curing for 45 gold pieces
  1079 | D:7      | Quit the game

Skill      XL: |  1  2  3  4  5  6  7  8 |
---------------+-------------------------+-----
Spellcasting   | 5 6 |  6.0
Invocations    | 1 2 3 |  3.6
Short Blades   | 1 2 3 |  3.2
Long Blades    | 1 2 3 |  3.2
Maces & Flails | 1 2 3 |  3.2
Polearms       | 1 2 3 |  3.2
Staves         | 1 2 3 |  3.2
Slings         | 1 2 3 |  3.2
Bows           | 1 2 3 |  3.2
Crossbows      | 1 2 3 |  3.2
Throwing       | 1 2 3 |  3.2
Armour         | 3 4 |  4.2
Stealth        | 1 2 3 |  3.2
Shields        | 1 2 3 |  3.2
Unarmed Combat | 1 2 3 |  3.2
Conjurations   | 1 2 |  2.6
Hexes          | 1 2 |  2.6
Summonings     | 1 2 |  2.6
Necromancy     | 1 2 |  2.6
Translocations | 1 2 |  2.6
Transmutations | 1 2 |  2.6
Fire Magic     | 1 2 |  2.6
Ice Magic      | 1 2 |  2.6
Air Magic      | 1 2 |  2.6
Earth Magic    | 1 2 |  2.6
Poison Magic   | 1 2 |  2.6
Evocations     | 1 2 3 |  3.2
Fighting       | 5 |  5.7
Axes           | 5 |  5.7
Dodging        | 5 |  5.7
Charms         | 6 |  6.1

Action                   |  1- 3 |  4- 6 |  7- 9 || total
-------------------------+-------+-------+-------++-------
Melee: Hand axe          |    52 |    37 |    61 ||   150
       Bite              |     4 |     8 |    14 ||    26
       Dagger            |     1 |       |    20 ||    21
       War axe           |       |       |    12 ||    12
 Cast: Infusion          |     4 |     1 |       ||     5
       Song of Slaying   |     3 |     4 |     7 ||    14
       Shroud of Golubri |     1 |     2 |     3 ||     6
       Spectral Weapon   |     1 |     6 |    10 ||    17
       Regeneration      |       |     1 |     2 ||     3
Evoke: Wand              |       |       |    10 ||    10
  Use: Scroll            |       |     1 |     6 ||     7
       Potion            |       |       |     1 ||     1
 Stab: Sleeping          |     1 |       |       ||     1
       Paralysed         |       |       |     7 ||     7
       Distracted        |       |       |     3 ||     3
  Eat: Ration            |       |       |     1 ||     1
       Chunk             |       |       |     1 ||     1
Armor: Leather armour    |    11 |     3 |    28 ||    42
Dodge: Dodged            |    39 |    17 |    89 ||   145

Table legend:
 A = Turns spent in this place as a percentage of turns spent in the entire game.
 B = Non-inter-level travel turns spent in this place as a percentage of non-inter-level travel turns spent in the entire game.
 C = Inter-level travel turns spent in this place as a percentage of turns spent in this place.
 D = Turns resting spent in this place as a percentage of non-inter-level travel turns spent in this place.
 E = Turns spent auto-exploring this place as a percentage of non-inter-level travel turns spent in this place.
 F = Non-inter-level travel turns spent in this place divided by the number of levels of this place that you've seen.
                   A       B       C       D       E      F
               +-------+-------+-------+-------+-------+----------------------
         Total | 100.0 | 100.0 |   1.5 |   0.0 |   0.0 | 151.9
       Dungeon | 100.0 | 100.0 |   1.5 |   0.0 |   0.0 | 151.9
               +-------+-------+-------+-------+-------+----------------------

Table legend:
 A = Kills in this place as a percentage of kills in entire the game.
 B = Kills by you in this place as a percentage of kills by you in the entire game.
 C = Kills by friends in this place as a percentage of kills by friends in the entire game.
 D = Other kills in this place as a percentage of other kills in the entire game.
 E = Experience gained in this place as a percentage of experience gained in the entire game.
 F = Experience gained in this place divided by the number of levels of this place that you have seen.
                   A       B       C       D       E      F
               +-------+-------+-------+-------+-------+----------------------
         Total | 100.0 | 100.0 |   N/A |   N/A | 100.0 | 257.0
       Dungeon | 100.0 | 100.0 |   N/A |   N/A | 100.0 | 257.0
               +-------+-------+-------+-------+-------+----------------------

Vault maps used:
D:1:      dpeg_arrival_leaves_temple_mockup, corexii_leaking_fountain,
          kennysheep_minor_cross
D:2:      okawaru_gym_becter, lemuel_round_altar, grunt_temple_overflow_open,
          uniq_sigmund
D:3:      marbit_many_paths, lemuel_crystal_altar, minivault_27,
          patterned_corridor
D:4:      serial_shops, shop, palyth_stone_intersect, grunt_ministairs_15,
          hex_tiny, serial_bayou_lagoon_b, uniq_edmund, uniq_menkaure
D:5:      makhleb_heckhound_becter, serial_undead, serial_undead_e,
          serial_undead_e, serial_undead_c, serial_undead_e, serial_undead_d,
          serial_undead_d, serial_undead_d, serial_undead_b, serial_shops, shop,
          shop, shop, shop, kennysheep_little_box, first_ration,
          grunt_qazlal_sundering
D:6:      minmay_temple_entry_statues_pillars, uniq_eustachio,
          uniq_blork_the_orc
D:7:      serial_shops, nicolae_shop_crystal
